Map: 2000 Atmospheres LE

Players

Warthog - Winner!

  • Race: Terran Terran
  • League: Diamond
  • Spawn Location: 7:00

BillGates

  • Race: Zerg Zerg
  • League: Diamond
  • Spawn Location: 3:00

VOD

Have the link to the VOD?

Description

Time

  • Played on: Nov. 23, 2021, 5:58 p.m.
  • Length: 15:01
Show
View Real Time Build Order
Export as new Build Order

Warthog Terran - Winner!

Build Orders: Liberator Opening, Reaper Expand 

Get SALT Encoding   

  12  0:00  SCV  
  13  0:13  SCV  
  14  0:18  Supply Depot  
  14  0:25  SCV  
  15  0:39  SCV  
  15  0:42  Barracks  
  16  0:45  Refinery  
  16  0:51  SCV  
  17  1:03  SCV  
  18  1:15  SCV  
  19  1:29  Orbital Command  
  19  1:30  Reaper  
  20  1:42  Command Center  
  20  1:55  SCV  
  20  1:58  Supply Depot  
  21  2:02  Marine  
  21  2:07  SCV  
  23  2:19  SCV  
  23  2:20  Refinery  
  23  2:21  Barracks Reactor  
  23  2:22  Factory  
  24  2:31  SCV  
  25  2:43  SCV  
  26  2:59  SCV, Orbital Command  
  27  3:08  Starport  
  27  3:09  Barracks Tech Lab  
  27  3:11  SCV  
  28  3:16  Hellion x2  
  32  3:26  SCV x2  
  34  3:33  Marine  
  35  3:38  SCV x2  
  35  3:39  Hellion x2  
  41  3:50  SCV x2  
  41  3:51  Marine  
  41  3:55  Liberator  
  46  4:13  Bunker  
  46  4:26  Supply Depot  
  46  4:27  Supply Depot  
  46  4:30  Command Center, SCV  
  46  4:33  SCV  
  45  4:42  SCV  
  46  4:48  SCV, Hellion x2  
  51  4:54  SCV  
  52  5:00  SCV  
  53  5:08  Starport Reactor  
  53  5:09  Hellion x2  
  53  5:10  Barracks  
  53  5:12  Stimpack  
  57  5:18  Barracks  
  57  5:23  Engineering Bay  
  57  5:24  SCV  
  57  5:25  Engineering Bay, SCV  
  59  5:34  Supply Depot  
  59  5:35  Supply Depot  
  59  5:36  SCV  
  60  5:48  Orbital Command  
  60  5:53  SCV x2  
  60  5:54  Barracks, Factory Reactor  
  60  5:55  Starport Reactor  
  60  5:56  Barracks  
  62  6:06  Bunker  
  62  6:07  SCV  
  62  6:08  Supply Depot  
  63  6:12  SCV  
  63  6:15  Refinery x2  
  63  6:17  Marine x4  
  68  6:19  SCV  
  68  6:20  Terran Infantry Armor Level 1, Terran Infantry Weapons Level 1  
  69  6:25  SCV  
  69  6:26  SCV  
  69  6:31  SCV  
  72  6:38  SCV x2  
  72  6:39  Marine x5  
  79  6:43  SCV, Medivac  
  79  6:44  Barracks Reactor  
  79  6:45  Barracks Reactor  
  82  6:50  SCV x2  
  84  6:55  SCV  
  84  6:57  Marine x5  
  90  7:02  SCV x2  
  88  7:14  Marine  
  81  7:21  Armory  
  77  7:23  Combat Shield  
  77  7:25  Medivac x2, Widow Mine x2, Factory  
  77  7:27  Command Center  
  77  7:29  SCV x2, Orbital Command  
  87  7:40  Marine  
  87  7:41  SCV x2, Marine x4  
  91  7:46  Widow Mine  
  93  7:52  Widow Mine, Marauder, Marine x2  
  99  8:05  Supply Depot x2  
  99  8:07  Supply Depot, Widow Mine  
  99  8:10  Marine x7  
  99  8:11  Marine  
  109  8:15  Factory Tech Lab  
  109  8:18  Terran Infantry Armor Level 2, Terran Infantry Weapons Level 2  
  109  8:27  Marauder  
  109  8:28  Marine  
  109  8:29  Barracks  
  109  8:30  Barracks  
  109  8:31  Barracks  
  112  8:42  Concussive Shells  
  112  8:54  Marauder, Marine x8  
  122  8:56  Medivac, Widow Mine x3  
  122  8:57  Medivac, Drilling Claws  
  122  9:00  Terran Vehicle And Ship Armor Level 1  
  132  9:11  Marine  
  132  9:12  Marine x5  
  138  9:17  Widow Mine x2  
  138  9:21  Marauder, Marine x2  
  148  9:26  Medivac  
  148  9:27  Barracks Tech Lab x3  
  148  9:30  Supply Depot  
  148  9:32  Supply Depot  
  148  9:33  Supply Depot  
  148  9:34  Medivac, Marine  
  151  9:38  Planetary Fortress  
  151  9:41  Marine  
  151  9:43  Marauder  
  141  10:03  Marauder, Marine x3  
  141  10:04  Marine x2  
  141  10:05  Marauder, Marine x5  
  141  10:06  Widow Mine  
  141  10:07  Widow Mine x2  
  161  10:21  Marine x3  
  161  10:22  Marine x2  
  161  10:23  Marine x5  
  161  10:24  Marine  
  161  10:25  Marine  
  177  10:39  Marine x3  
  177  10:40  Marine x4  
  177  10:41  Marauder x2  
  183  10:50  Terran Infantry Weapons Level 3, Factory  
  183  10:51  Terran Infantry Armor Level 3  
  183  11:00  Factory Tech Lab  
  183  11:01  Siege Tank  
  186  11:05  Refinery  
  186  11:06  Refinery  
  186  11:07  Refinery x2  
  186  11:09  Supply Depot  
  186  11:10  Supply Depot  
  186  11:24  Marauder, Marine  
  188  11:27  Marauder, Marine x2  
  188  11:28  Marine x2  
  188  11:29  Marine x2  
  188  11:30  Marine  
  188  11:31  Marauder x2  
  181  11:33  Siege Tank  
  168  11:42  Marine  
  168  11:45  Marine x2  
  168  11:46  Marauder, Marine x2  
  169  11:47  Marine x2  
  169  11:48  Marauder  
  169  11:57  Marauder, Marine x2  
  169  11:59  Terran Vehicle Weapons Level 1, Siege Tank, Marine  
  169  12:00  Factory Tech Lab  
  169  12:01  Medivac x2  
  179  12:03  Marine x2  
  179  12:05  Siege Tank  
  179  12:07  Marauder  
  188  12:09  Marauder  
  189  12:31  Medivac, Siege Tank  
  189  12:36  Siege Tank  
  189  12:37  Medivac  
  189  12:38  Siege Tank  
  168  12:55  Marauder, Marine x5  
  164  13:01  Medivac  
  164  13:03  Marauder, Marine x3  
  164  13:04  Marauder x2  
  156  13:13  Marine x5  
  156  13:17  Marauder  
  162  13:25  Marauder x2  
  162  13:26  Marauder  
  168  13:35  Command Center  
  168  13:36  Command Center  
  168  13:38  Marauder  
  170  13:46  Marauder  
  170  13:47  Marauder  
  163  13:58  Marine  
  163  13:59  Marauder  
  163  14:02  Marauder, Marine x7  
  170  14:07  Marine  
  170  14:08  Marine  
  177  14:16  Marine  
  178  14:19  Marine  
  178  14:20  Marine x6  
Show
View Real Time Build Order
Export as new Build Order

BillGates Zerg 

Build Orders: Hatch First 

Get SALT Encoding   

  12  0:00  Drone  
  13  0:13  Overlord  
  13  0:16  Drone  
  14  0:31  Drone x2  
  14  0:35  Drone  
  17  0:53  Hatchery  
  17  0:56  Drone  
  17  1:09  Drone x2  
  19  1:16  Extractor  
  18  1:19  Spawning Pool  
  18  1:21  Drone  
  18  1:28  Drone  
  19  1:39  Drone  
  20  1:49  Overlord  
  20  2:05  Queen  
  20  2:06  Queen  
  24  2:09  Drone  
  24  2:10  Zergling x2  
  26  2:16  Metabolic Boost  
  26  2:21  Zergling x2, Drone  
  28  2:34  Drone  
  28  2:40  Overlord  
  28  2:41  Drone x2  
  28  2:42  Queen  
  32  2:51  Drone x2  
  34  2:56  Queen  
  36  3:02  Drone x2  
  38  3:07  Baneling Nest  
  38  3:09  Drone  
  38  3:11  Drone  
  39  3:16  Zergling x2  
  39  3:17  Zergling x2  
  41  3:24  Zergling x2  
  41  3:25  Zergling x4  
  44  3:27  Overlord  
  44  3:48  Overlord  
  44  3:49  Zergling x14  
  49  4:01  Baneling x3  
  48  4:06  Drone, Overlord  
  48  4:07  Zergling x2  
  48  4:08  Zergling x2  
  47  4:26  Overlord  
  47  4:27  Drone x2  
  47  4:28  Drone x3  
  49  4:35  Overlord  
  45  4:48  Drone, Evolution Chamber  
  45  4:50  Evolution Chamber  
  42  4:55  Queen  
  44  5:02  Lair  
  44  5:11  Drone  
  44  5:12  Drone x4  
  49  5:14  Zerg Ground Armor Level 1, Hatchery, Extractor  
  49  5:16  Zerg Missile Weapons Level 1  
  49  5:21  Drone, Overlord  
  47  5:22  Drone x5  
  53  5:28  Extractor  
  53  5:30  Spore Crawler  
  53  5:31  Spore Crawler  
  50  5:40  Drone x2  
  50  5:41  Drone  
  53  5:50  Extractor  
  53  5:53  Pneumatized Carapace  
  53  5:57  Drone x7  
  59  6:05  Overseer  
  59  6:11  Infestation Pit  
  58  6:14  Drone x3  
  61  6:18  Spine Crawler  
  60  6:26  Queen, Drone  
  60  6:27  Spine Crawler  
  62  6:33  Hydralisk Den  
  62  6:35  Roach Warren  
  60  6:41  Drone  
  60  6:42  Drone  
  60  6:43  Drone x9  
  71  6:49  Zergling x2  
  72  6:57  Spore Crawler  
  65  7:03  Extractor  
  57  7:12  Zergling x4  
  57  7:13  Zergling x2, Hydralisk x5  
  65  7:19  Drone  
  65  7:21  Drone x3  
  69  7:26  Drone x2  
  71  7:32  Drone x3  
  71  7:36  Baneling x3  
  74  7:38  Grooved Spines  
  74  7:41  Drone  
  74  7:42  Overlord  
  74  7:43  Drone x4  
  79  7:47  Drone  
  80  7:52  Drone  
  80  7:53  Spore Crawler, Drone  
  81  7:58  Hive  
  81  8:00  Drone x2  
  81  8:01  Drone  
  84  8:11  Overlord  
  84  8:12  Drone x5  
  89  8:26  Overlord  
  89  8:31  Zerg Ground Armor Level 2  
  89  8:33  Zerg Melee Weapons Level 1  
  89  8:37  Extractor  
  88  8:45  Zergling x2  
  89  8:48  Hatchery  
  88  8:58  Zergling x4  
  88  8:59  Zergling x28  
  88  9:02  Baneling  
  103  9:03  Baneling x2  
  103  9:16  Overseer x2  
  103  9:17  Overseer  
  101  9:40  Hydralisk x6, Overlord  
  101  9:41  Hydralisk x4  
  94  10:01  Adrenal Glands  
  94  10:02  Ultralisk Cavern  
  94  10:03  Muscular Augments  
  94  10:05  Overlord  
  94  10:06  Zergling x2, Roach x6  
  108  10:07  Zergling x16  
  108  10:10  Drone  
  116  10:29  Hatchery  
  116  10:31  Baneling  
  116  10:32  Baneling x10  
  110  10:47  Zergling x2, Overlord  
  110  10:48  Zergling x26  
  124  10:53  Ravager  
  124  10:56  Ravager x4  
  129  10:59  Viper, Chitinous Plating  
  132  11:07  Overlord x2  
  132  11:17  Extractor  
  132  11:18  Extractor  
  123  11:28  Spore Crawler, Spine Crawler  
  123  11:29  Spine Crawler  
  99  11:51  Zergling x2  
  100  11:54  Ultralisk  
  100  11:55  Ultralisk x3  
  100  11:59  Drone x3  
  100  12:00  Drone x4  
  100  12:01  Drone  
  138  12:06  Drone  
  139  12:12  Zerg Ground Armor Level 3  
  101  12:37  Zergling x2  
  101  12:38  Zergling x32  
  101  12:57  Ultralisk  
  101  12:58  Ultralisk  
  85  13:09  Drone x3  
  85  13:12  Extractor  
  83  13:16  Spine Crawler  
  83  13:18  Drone  
  81  13:23  Baneling x3  
  81  13:27  Centrifugal Hooks  
  79  13:39  Baneling  
  79  13:40  Baneling x4, Hydralisk  
  79  13:41  Hydralisk x4  
  79  13:57  Ultralisk x2  
  79  13:58  Hydralisk x2  
  79  14:00  Roach  
  97  14:03  Baneling x2  
  96  14:21  Zergling x4, Hydralisk x2  
Tags
 
Add a new tag
Caveats
  • Supply blocks, unpowered buildings, or Contaminate may cause inaccurate times.
  • Supply counts are checked every 10 seconds.